 Dungeon Crawl Stone Soup version 0.27.1-34-g3ba077fa99 (webtiles) character file.

Game seed: 8167001064558961470

23 Delamore the Sneak (level 3, 24/24 HPs)
             Began as an Octopode Brigand on Feb 1, 2022.
             Quit the game on level 1 of the Dungeon.
             The game lasted 00:01:07 (1174 turns).

Delamore the Sneak (Octopode Brigand)               Turns: 1174, Time: 00:01:07

Health: 24/24      AC:  1    Str: 11    XL:     3   Next: 0%
Magic:  3/3        EV: 12    Int: 13    God:
Gold:   53         SH:  0    Dex: 13    Spells: 2/2 levels left

rFire    . . .     SeeInvis .   a - +2 dagger
rCold    . . .     Faith    .   (no shield)
rNeg     . . .     Spirit   .   (helmet restricted)
rPois    .         Reflect  .   (no amulet)
rElec    .         Harm     .   (no ring)
rCorr    .         Rampage  .   (no ring)
Will     .....                  (no ring)
Stlth    ++++......             (no ring)
HPRegen  0.08/turn              (no ring)
MPRegen  0.08/turn              (no ring)
                                (no ring)
                                (no ring)

@: no status effects
A: almost no armour, amphibious, 8 rings, camouflage 1, gelatinous body 1,
(nimble swimmer 1), tentacles
a: no special abilities


You were on level 1 of the Dungeon.
You visited 1 branch of the dungeon, and saw 1 of its levels.

You collected 53 gold pieces.

Inventory:

Hand Weapons
 a - a +2 dagger (weapon)
Missiles
 b - 8 poisoned darts (quivered)
 c - 2 curare-tipped darts
Scrolls
 e - a scroll of magic mapping


   Skills:
 - Level 2.0 Fighting
 + Level 2.4 Short Blades
 - Level 2.0 Throwing
 - Level 1.0 Dodging
 * Level 6.2 Stealth


You had 2 spell levels left.
You didn't know any spells.
Your spell library contained the following spells:

 Spells                   Type           Power      Damage    Failure   Level
 Blink                    Tloc           N/A        N/A       43%         2
 Manifold Assault         Tloc           0%         N/A       100%        5
 Storm Form               Tmut/Air       0%         N/A       100%        7


Dungeon Overview and Level Annotations

Branches:
Dungeon (1/15)

Altars:


Innate Abilities, Weirdness & Mutations

You cannot wear most types of armour.
You are amphibious.
You can wear up to eight rings at the same time.
Your skin changes colour to match your surroundings (Stealth+).
Your rubbery body absorbs attacks. (AC +1, EV +1)
((You are camouflaged near water. (Stealth+)))
You have tentacles for arms and can constrict up to eight enemies at once.


Message History

No target in view!
A kobold comes into view. It is wielding a +0 short sword.
A kobold is nearby!
A kobold is nearby!
A kobold is nearby!
The helpless kobold fails to defend itself.
You impale the kobold!!
You kill the kobold!
You have reached level 3!
Your experience leads to an increase in your attributes!
Increase (S)trength, (I)ntelligence, or (D)exterity?
You feel stronger.
You drop a scroll labelled HIXAIG XOASUNA.
Things that are here:
a +0 short sword; a kobold corpse
Found a stone staircase leading down.
A ball python comes into view.
A ball python is nearby!
A ball python is nearby!
Search for what [? for help]? scrol No target in view!
You see here a scroll labelled HIXAIG XOASUNA.
You see here a scroll labelled HIXAIG XOASUNA.
g - a scroll labelled HIXAIG XOASUNA
As you read the scroll labelled HIXAIG XOASUNA, it crumbles to dust.
It is a scroll of enchant armour.
You aren't carrying any armour which can be enchanted further.
As you read the scroll labelled MANWYIDORA, it crumbles to dust.
It is a scroll of identify.
e - a scroll of magic mapping Blink to where?
Press: ? - help, Dir - move target, f - you Are you sure you want to cancel this blink? [Y]es or [N]o only, please.
Are you sure you want to cancel this blink?
Okay, then.
As you read the scroll labelled QOVUMU BOSER WUS, it crumbles to dust.
It was a scroll of blinking.
Autopickup is now off.
Are you sure you want to abandon this character and quit the game? (Confirm with "yes".)

#............
###########.#
############# ###.#
#...........# #....
#########...........#
#....
....................#
#....
....................#
#....
....................#
#....
................@...#
#...†
....................#
#....
####'##.............#
#....
..#.(....^..........#
#....
#.#..............)..#
#....
#.#.................#
#####
#.#......############
..#......# ###......#


There were no monsters in sight!

Vanquished Creatures
  A dart slug (D:1)
  2 endoplasms (D:1)
  A goblin (D:1)
  2 hobgoblins (D:1)
  7 kobolds (D:1)
  2 quokkas (D:1)
  A bat (D:1)
  A frilled lizard (D:1)
  4 rats (D:1)
21 creatures vanquished.

Notes
Turn   | Place    | Note
-------+----------+-------------------------------------------
     0 | D:1      | Delamore the Octopode Brigand began the quest for the Orb.
     0 | D:1      | Reached XP level 1. HP: 14/14 MP: 1/1
   362 | D:1      | Reached XP level 2. HP: 19/19 MP: 2/2
   645 | D:1      | Reached skill level 6 in Stealth
   841 | D:1      | Reached XP level 3. HP: 24/24 MP: 3/3
  1174 | D:1      | Quit the game

Illustrated notes

Levels and vault maps discovered:
D:1:      matt_arrival_spirals, layout_basic

Skill      XL: |  1  2 |
---------------+-------+-----
Stealth        | 6 |  6.2
Fighting       | |  2.0
Short Blades   | |  2.4
Throwing       | |  2.0
Dodging        | |  1.0

Action                   || total
-------------------------++-------
Melee: Dagger            ||    33
       Tentacles         ||     6
       Constrict         ||     5
  Use: Scroll            ||     3
 Stab: Sleeping          ||    11
Armor: Skin              ||     1
Dodge: Dodged            ||    14
